[Event "Polish Youth B18 Championship 2023"]
[Site "Jastrzebia Gora"]
[Date "2023.03.16"]
[Round "6.9"]
[White "Grzesik, Gracjan"]
[Black "Madajczak, Piotr"]
[Result "1/2-1/2"]
[ECO "E06"]
[WhiteElo "2149"]
[BlackElo "1897"]
[Annotator "TA"]
[PlyCount "141"]
[EventDate "2023.03.11"]
[EventType "swiss"]
[EventCountry "POL"]
[SourceTitle "playchess.com"]
[Source "ChessBase"]
[SourceQuality "1"]
[TimeControl "40/5400+30:1800+30"]

1. d4 d5 2. c4 e6 3. Nf3 Nf6 4. g3 Be7 5. Bg2 O-O 6. O-O c5 7. cxd5 Nxd5 8. e4 Nf6 9. Nc3 cxd4 10. Nxd4 Nbd7 {[%emt 0:08:14] E06: Closed Catalan: Early deviations.} (10... e5 $14 11. Nf5 Bxf5 12. exf5 Nc6) 11. Qe2 $1 $16 Qc7 12. Be3 {[%emt 0:06:07] [#]} a6 $146 (12... Qb8 $16 13. Rac1 Nb6) ({Predecessor:} 12... Rd8 13. Rac1 Qb8 14. Ncb5 Ne8 15. Bf4 e5 16. Nf5 Bf6 17. Be3 Nf8 18. Rfd1 Rxd1+ 19. Qxd1 {1-0 Pytel,K-Myagmarsuren,L Rubinstein Memorial-10 1972 (6)}) 13. Rac1 $18 Qb8 14. f4 $1 Rd8 (14... e5 {was called for.}) 15. e5 Ne8 16. Rfd1 Nc7 17. a3 Nf8 18. Nb3 Rxd1+ 19. Rxd1 {[%emt 0:00:47] Black is weak on the dark squares} a5 20. Bc5 Bxc5+ 21. Nxc5 Qa7 22. Qf2 Na6 23. N3e4 ({White should play} 23. Nb3 $18) 23... Nxc5 $16 24. Nxc5 Qb6 $2 (24... Rb8 $16 25. Ne4 Qxf2+ 26. Kxf2 Bd7) 25. Rd6 $2 (25. Na4 $18 {is the precise move to win.} Qxf2+ 26. Kxf2) 25... Qc7 26. Qd4 {[%emt 0:02:13] Threatens to win with Rd8.} Rb8 27. Qc3 {[%emt 0:04:23] White is much more active. The black rooks are badly placed.} b6 28. Na4 Qxc3 (28... Qa7 $16) 29. bxc3 $18 (29. Nxc3 $6 Bd7 $16) 29... b5 (29... f6 {keeps fighting.} 30. Nxb6 (30. Rxb6 Nd7 $16) 30... fxe5) 30. Nc5 f6 31. Rd8 Kf7 32. Na6 (32. Bc6 $1 $18) 32... Rb6 $16 33. Nc5 (33. Rxc8 $16 Rxa6 34. exf6) 33... Rb8 $1 $18 34. Na6 (34. Bc6 $1 $18) 34... Rb6 $16 35. Rxc8 (35. Nc5 Rb8 $18) 35... Rxa6 {[%emt 0:00:01][%mdl 4096] Endgame KRB-KRN} 36. Rc7+ Kg6 37. exf6 Kxf6 38. Rb7 {[%emt 0:00:26] Repels Rb6} (38. Bc6 $142 $1 {[%cal Rc6e8] Black must now prevent Be8.} Ng6 39. Bxb5 (39. Be8 Nh8 $16)) 38... Ng6 (38... b4 $142) 39. Rxb5 e5 40. fxe5+ Nxe5 41. Bd5 Nd7 42. Kf2 Ke7 43. Ke3 Kd6 (43... Rh6 $16 {was worth a try.} 44. h4 (44. Rxa5 Rxh2 45. c4 Rh3 $16) 44... Rg6) 44. Kd4 (44. c4 $18) 44... Nf6 (44... Rb6 $16 {might work better.} 45. Rxa5 Rb2) 45. c4 Ne8 $2 (45... Nxd5 {is tougher.} 46. cxd5 (46. Rxd5+ Kc6 $18) 46... a4) 46. Rb8 Kd7 (46... Ke7 47. Rb7+ Kd8) 47. c5 $18 Rh6 48. c6+ Ke7 49. Rb7+ Kd8 50. Rd7+ Kc8 51. Kc5 $2 (51. h4 $18 {is more deadly.}) 51... Nf6 $16 52. Rxg7 {[%emt 0:04:44] Threatening mate with Be6+.} Rh5 {[%emt 0:00:13] [#]} 53. Rf7 $1 Rxd5+ {[%emt 0:09:46] KRN-KR} 54. Kb6 Ne8 {[%emt 0:01:33] [#]} 55. Rxh7 (55. Ra7 $1 $16 Kd8 56. Ra8+ (56. Rxa5 Rxa5 57. Kxa5 Kc7 $11) (56. Rxh7 Rf5 $16) 56... Ke7 57. c7 (57. Rxa5 Rxa5 58. Kxa5 Kd8 $11) 57... Rd6+ 58. Kb7 (58. Kxa5 Nxc7 59. Rh8 Rh6 $17) 58... Nxc7 59. Kxc7) 55... Rd3 $11 56. Rh8 Re3 (56... Rb3+ $1 $11 57. Kc5 (57. Kxa5 Rxa3+ 58. Kb6 Rb3+ 59. Kc5 Re3 $11) 57... Re3) 57. a4 $16 {[%emt 0:00:27] aiming for h4.} ({But not} 57. Kxa5 Kc7 $11) 57... Kd8 {[%emt 0:00:14] [#]} 58. g4 ({Much weaker is} 58. Kxa5 $6 Kc7 $11) ({Better is} 58. h4 $1 $16) 58... Ke7 59. Kxa5 (59. h4 $14) 59... Kd6 $11 60. Rh6+ Kc5 61. Ka6 Rb3 62. g5 Nd6 63. c7 Rb6+ 64. Ka7 {[%emt 0:00:05][%cal Oh6d6] Intending Rxd6! and mate.} Rb7+ 65. Ka8 $132 {[%emt 0:00:52][%mdl 2048] White is not holding back} Rxc7 66. Rf6 Ne4 67. Re6 (67. Rh6 $11) 67... Nxg5 $15 {[%emt 0:00:30] Black is slightly better.} 68. Re5+ Kb6 69. a5+ (69. Rxg5 $2 Rc8#) 69... Ka6 70. Kb8 {[%emt 0:00:20] Wards off Rc8+} Rg7 71. Kc8 {[%emt 0:00:38] Blacks defense is rewarded with a draw.   Weighted Error Value: White=0.52/Black=0.42} 1/2-1/2

[Event "Polish Youth B18 Championship 2023"]
[Site "Jastrzebia Gora"]
[Date "2023.03.16"]
[Round "6.10"]
[White "Stachecki, Mikolaj"]
[Black "Backiel, Hubert"]
[Result "0-1"]
[ECO "B23"]
[WhiteElo "2015"]
[BlackElo "2127"]
[Annotator "TA"]
[PlyCount "74"]
[EventDate "2023.03.11"]
[EventType "swiss"]
[EventCountry "POL"]
[SourceTitle "playchess.com"]
[Source "ChessBase"]
[SourceQuality "1"]
[TimeControl "40/5400+30:1800+30"]

1. e4 c5 2. Nc3 a6 3. a4 e6 4. Nf3 Nc6 5. d4 cxd4 6. Nxd4 Nf6 {[%emt 0:01:36] B40: Sicilian: 2...e6, Unusual lines.} 7. Be2 Bb4 8. O-O O-O {[%emt 0:02:37] [#] The position is equal.} 9. Nxc6 $146 ({Predecessor:} 9. Bg5 h6 10. Bh4 g5 11. e5 Nxe5 12. Bg3 Ng6 13. Bd3 d6 14. Qe2 Re8 15. h4 gxh4 16. Bxg6 hxg3 {0-1 Pericka,T (1913)-Hrabusa,M (2251) Pobeskydy Chance 18th 2007 (1)}) 9... bxc6 10. e5 Nd5 11. Ne4 Qc7 12. f4 f5 $1 13. exf6 Nxf6 14. Bd3 (14. Nxf6+ $11 Rxf6 15. Be3) 14... Nxe4 $15 15. Bxe4 {[%emt 0:00:12] Qh5 is the strong threat.} d5 $1 16. Bd3 Bd6 17. Qe2 Bd7 {[%emt 0:06:09] [#]} (17... Bxf4 $2 18. Bxf4 (18. Qh5 g6 $15) 18... Rxf4 19. Qh5 $18) (17... g6 $11 {remains equal.}) 18. Kh1 ({Only move:} 18. Qh5 $1 $16 Rf5 19. Qh3 (19. Bxf5 exf5 20. Re1 Qb6+ 21. Kf1 Qc5 $16)) 18... e5 $11 19. fxe5 Rxf1+ 20. Qxf1 Rf8 21. Qe2 ({Not} 21. Bxh7+ $2 Kxh7 22. Qxa6 (22. Qd3+ $2 Bf5 $19 {[%mdl 64] Skewer}) 22... Bxe5 $19) 21... Bxe5 22. c3 Re8 (22... Bxh2 $2 23. Qh5 $18) 23. Bd2 ({Much weaker is} 23. Qh5 g6 24. Qf3 Bxh2 $17) 23... g6 (23... Bxh2 $2 24. Qh5 g6 25. Qxh2 $18) 24. Qf2 Bxh2 {[%emt 0:06:20] aiming for ...Bg3.} 25. Rf1 {[%emt 0:01:33] Intending Qf7+ and mate.} Bc8 26. Bh6 {[%emt 0:00:49][%cal Of2f8] Threatening mate with Qf8+!} Bd6 {[%emt 0:00:06] Repels Qf8+} 27. Qf6 {[%emt 0:01:42][%cal Od3g6] Threatens to win with Bxg6!} Qe7 28. Qf2 (28. Qxe7 $15 Bxe7 29. b4) 28... a5 $17 29. b3 Bd7 $40 {[%emt 0:00:41][%cal Bc8d7,Bd7h3,Bh3g4,Bg4f3,Bf3g2][%mdl 160] Black is out for blood.} 30. Bc2 {[%emt 0:00:57] [#]} (30. Bf4 $17 {was worth a try.}) 30... Kh8 (30... Qe5 $1 $19 {[%csl Gd6][%cal Re5h2] is more deadly.} 31. g3 Qe7) 31. g3 (31. Bd2 $17) 31... Bh3 $19 32. Rd1 (32. Rb1 $142) 32... Bc5 33. Qf3 (33. Qf4) 33... Qe6 {[%emt 0:00:31] ( -> ...Bg4)} 34. Rb1 Bg4 35. Qf1 {[%emt 0:00:33] [#]} Bf3+ $1 {[%emt 0:00:30][%mdl 576] Deflection} 36. Kh2 Qe2+ (36... Qg4 $142 37. Qxf3 {[%mdl 64] Remove Defender} Qxf3 38. Bg5 Re2+ 39. Kh3 h5 40. Bf6+ Kg8 41. Bf5 Qxf5+ 42. Kh4 Rh2#) 37. Kh3 {[%emt 0:01:22] White is weak on the light squares} Bg2+ {[%emt 0:00:18] A cool game by Backiel.   Weighted Error Value: White=0.68/Black=0.26 (precise)} 0-1

[Event "Polish Youth B18 Championship 2023"]
[Site "Jastrzebia Gora"]
[Date "2023.03.16"]
[Round "6.11"]
[White "Czernek, Tymon"]
[Black "Smetek, Michal"]
[Result "1-0"]
[ECO "B12"]
[WhiteElo "2314"]
[BlackElo "1787"]
[Annotator "TA"]
[PlyCount "72"]
[EventDate "2023.03.11"]
[EventType "swiss"]
[EventCountry "POL"]
[SourceTitle "playchess.com"]
[Source "ChessBase"]
[SourceQuality "1"]
[TimeControl "40/5400+30:1800+30"]

1. e4 c6 2. d4 d5 3. f3 e6 4. Nc3 Bb4 5. Bd2 Ne7 6. Bd3 {[%emt 0:00:07] B12: Caro-Kann: Advance Variation.} Nd7 {[%emt 0:02:47] [#]} 7. Nce2 $146 ({Predecessor:} 7. a3 Ba5 8. f4 dxe4 9. Nxe4 Bxd2+ 10. Qxd2 O-O 11. Nf3 b6 12. O-O Qc7 13. Rad1 {½-½ Sidletskyi,I (2152)-Dragnev,V (2556) EU-ch Rapid Katowice 2022 (7)}) 7... Bxd2+ 8. Qxd2 {[%emt 0:00:03] The position is equal.} a5 9. e5 b6 10. f4 Ba6 11. Bxa6 Rxa6 12. Nf3 b5 13. g4 h5 (13... c5 $11) 14. gxh5 $1 $14 Rxh5 15. Ng3 Rh8 16. O-O-O Qb6 {[%emt 0:18:37] [#]} (16... c5 $14) 17. f5 $1 $16 exf5 (17... c5 18. fxe6) 18. Qf4 g6 {[%emt 0:03:58] [#]} 19. h4 $1 Nf8 20. Ng5 ({White should try} 20. h5 $16) 20... c5 (20... Qc7 $1 $14) 21. h5 {[%emt 0:03:36] White has more active pieces.} Ne6 (21... cxd4 $16 {is a better defense.} 22. hxg6 {[%mdl 64] Discovered Attack} Nfxg6 23. Rxh8+ (23. Qxd4 $2 Rxh1 24. Nxh1 Qxd4 $19) 23... Kd7) 22. Nxe6 $18 (22. dxc5 Nxf4 23. cxb6 Nxh5 $15) 22... Qxe6 (22... fxe6 $2 23. hxg6 Rxh1 24. Rxh1 cxd4 25. g7 $18) 23. hxg6 (23. dxc5 g5 24. Qxg5 Qh6) 23... Rxh1 24. gxf7+ (24. Rxh1 $6 Qxg6 25. e6 (25. dxc5 Qg4 $16) 25... Rxe6 $16) 24... Qxf7 25. Rxh1 Rg6 26. Nh5 {[%emt 0:01:26] Threatens to win with Nf6+.} ({Much less strong is} 26. dxc5 Qg7) 26... Kd7 $2 (26... Kf8 27. dxc5 Qh7) 27. Qd2 (27. dxc5 Kc8 28. Nf6 Qg7 $18) (27. Nf6+ Kc6 28. dxc5 a4 $18) 27... b4 28. Nf4 ({Weaker is} 28. dxc5 Kc7 29. Nf4 Rg4 $18) 28... c4 $2 (28... Rc6 29. e6+ Rxe6 30. Nxe6 Qxe6 31. dxc5 Qc6) 29. Nxg6 Qxg6 30. Qh6 Qxh6+ 31. Rxh6 {[%emt 0:00:01][%mdl 4096] Endgame KR-KN} c3 32. bxc3 bxc3 33. Kd1 Kc7 34. Ke2 {[%emt 0:01:23] Intending Rh7 and mate.} Nc6 {[%emt 0:00:09] [#]} 35. Rxc6+ $1 Kxc6 36. Ke3 Kd7 {[%emt 0:01:15] Weighted Error Value: White=0.03 (flawless) /Black=0.76} 1-0

[Event "Polish Youth B18 Championship 2023"]
[Site "Jastrzebia Gora"]
[Date "2023.03.16"]
[Round "6.12"]
[White "Wilk, Igor"]
[Black "Taranowicz, Michal"]
[Result "0-1"]
[ECO "A40"]
[WhiteElo "2058"]
[BlackElo "1900"]
[Annotator "TA"]
[PlyCount "78"]
[EventDate "2023.03.11"]
[EventType "swiss"]
[EventCountry "POL"]
[SourceTitle "playchess.com"]
[Source "ChessBase"]
[SourceQuality "1"]
[TimeControl "40/5400+30:1800+30"]

1. d4 e6 2. c4 c5 3. Nf3 Nf6 4. g3 cxd4 5. Nxd4 d5 6. Bg2 e5 7. Nf3 d4 8. O-O Nc6 9. e3 Be7 10. exd4 exd4 11. Bf4 Be6 {[%emt 0:00:06] E01: Catalan: Early deviations.} 12. Ne5 Rc8 13. Nd2 O-O {[%emt 0:01:12] The position is equal.} 14. Nxc6 bxc6 {[%emt 0:00:33] [#]} 15. b3 $146 ({Predecessor:} 15. Qa4 Qb6 16. b3 Bb4 17. a3 Bc3 18. Rab1 Bf5 19. Rbc1 Nh5 20. c5 Qxc5 21. Nf3 Nxf4 22. gxf4 {½-½ Socko,B (2636)-Tomczak,J (2584) POL-ch Lotto 79th 2022 (2.6)}) 15... Re8 16. Nf3 c5 17. Ne1 Qd7 {[%emt 0:07:39] Prevents Bb7} 18. Nd3 Bh3 19. Re1 Bf8 20. Be5 Bxg2 21. Kxg2 Rc6 22. Bxf6 Rxf6 23. Rxe8 Qxe8 24. Qd2 Qe4+ 25. Kg1 Rf3 26. Nf4 {[%emt 0:00:21] White wants to play Re1.} g5 27. Re1 Qf5 28. Nd5 Kg7 29. Kg2 Bd6 30. Qe2 (30. Re8 $11 {remains equal.}) 30... g4 $17 {[%emt 0:01:49] Black is more active.} 31. Rh1 $2 {[%emt 0:04:22][%mdl 8192] [#] This costs White the game.} (31. Kg1 $17) 31... d3 $1 $19 (31... Qh5 $2 32. h3 Rf5 33. hxg4 $18 (33. Qxg4+ Qxg4 34. hxg4 Rg5 $16)) 32. Qd2 Be5 $2 (32... Rxf2+ 33. Qxf2 Qe4+ {[%mdl 64] Skewer, Deflection} 34. Kf1 Qxh1+ 35. Qg1 d2) 33. Rf1 (33. Re1 $142 Bd4 34. Ne3) 33... Bd4 {[%emt 0:01:00] Threatens to win with ...h5.} ({Stronger than} 33... Qh5 34. Kg1 $15) 34. Nf4 (34. b4 {was worth a try.} Qe4 35. Qg5+ Qg6 36. Qd2) 34... h5 {[%emt 0:02:52][%cal Oh5h4] Hoping for ...h4!} 35. h4 Kh7 36. a3 Be5 (36... Qe4 $142 37. Kh2 Be5) 37. Rd1 $2 {[%emt 0:00:29] [#]} (37. Re1 $19) 37... Bxf4 {[%emt 0:00:29] Black mates.} 38. gxf4 Qe4 39. Kg1 Rh3 {[%emt 0:00:22] Artfully played by Taranowicz.   Weighted Error Value: White=0.61/Black=0.29 (precise)} ({Not} 39... Rxf4 40. Qxd3 Qxd3 41. Rxd3 $11) 0-1

[Event "Polish Youth B18 Championship 2023"]
[Site "Jastrzebia Gora"]
[Date "2023.03.16"]
[Round "6.13"]
[White "Paprocki, Antoni"]
[Black "Budzisz, Adrian"]
[Result "1-0"]
[ECO "C02"]
[WhiteElo "2255"]
[BlackElo "2069"]
[Annotator "TA"]
[PlyCount "81"]
[EventDate "2023.03.11"]
[EventType "swiss"]
[EventCountry "POL"]
[SourceTitle "playchess.com"]
[Source "ChessBase"]
[SourceQuality "1"]
[TimeControl "40/5400+30:1800+30"]

1. e4 e6 2. d4 d5 3. e5 c5 4. c3 Nc6 5. Nf3 Qb6 6. a3 c4 7. Nbd2 Na5 8. h4 {[%emt 0:00:05] Recently 8.Rb1 got a lot of attention. C02: French: Advance Variation.} Bd7 9. Rb1 Qc7 10. g3 {[%emt 0:01:31] The position is equal.} Ne7 11. Bh3 Nc8 12. Nf1 Nb6 {[%emt 0:01:35] [#]} 13. N1h2 $146 ({Predecessor:} 13. Bf4 Ba4 14. Qe2 Be7 15. Ne3 h6 16. g4 g6 17. Bg3 Nb3 18. O-O O-O-O 19. Nh2 {0-1 Montoliu Cervero,F (2393)-Amorim,D (2143) Titled Tuesday intern op 11th Aug blitz 2020 (10)}) 13... Nb3 14. Be3 h6 15. h5 O-O-O 16. O-O Be7 17. Qe2 Rdg8 18. Kh1 Qd8 19. Ne1 Kb8 20. Ng2 Nc8 21. Rbe1 Ka8 22. f4 g6 $1 23. hxg6 Rxg6 ({Black should play} 23... fxg6 $15 24. Rd1 Qf8) 24. f5 $11 Rxg3 25. f6 Bf8 (25... Rxh3 $11 26. fxe7 Nxe7) 26. Qh5 $1 $16 Qe8 27. Bg4 Rxe3 28. Rxe3 Nd2 29. Rfe1 Ne4 30. Kg1 {[%emt 0:01:06] Inhibits Nf2.} Nb6 31. Nf1 Na4 {[%emt 0:02:02] [#]} 32. R1e2 Bc6 (32... Rg8 $16 {is a better defense.} 33. Bf3 Ng5) 33. Nd2 Ng5 34. Nf3 Ne4 35. Kh2 {[%emt 0:00:18][%cal Oe3e4] Repels Ng3} Rg8 {[%emt 0:01:04] [#]} 36. Nf4 $1 {[%emt 0:00:33][%cal Og4e6,Bg2f4,Bf4e6,Be6f8][%mdl 32] Strongly threatening Bxe6!} Qb8 $2 {[%emt 0:00:46][%mdl 8192] This move loses the game for Black.} (36... Bd7 $16 37. Rg2 a6) 37. Qxf7 $18 {[%emt 0:10:04] Active counter play! White is clearly winning.} Nxf6 38. Qxf6 Rxg4 39. Nxe6 ({Not} 39. Qxe6 Rxf4 40. Kg3 Re4 $11) 39... Bd7 40. Nxf8 Qe8 41. Kh1 {[%emt 0:05:29] Weighted Error Value: White=0.07 (flawless) /Black=0.18 (very precise)} 1-0

[Event "Polish Youth B18 Championship 2023"]
[Site "Jastrzebia Gora"]
[Date "2023.03.16"]
[Round "6.14"]
[White "Dziendziel, Mateusz"]
[Black "Kozlowski, Franciszek"]
[Result "1-0"]
[ECO "B12"]
[WhiteElo "2084"]
[BlackElo "1829"]
[Annotator "TA"]
[PlyCount "73"]
[EventDate "2023.03.11"]
[EventType "swiss"]
[EventCountry "POL"]
[SourceTitle "playchess.com"]
[Source "ChessBase"]
[SourceQuality "1"]
[TimeControl "40/5400+30:1800+30"]

1. e4 c6 2. d4 d5 3. e5 c5 4. dxc5 e6 5. a3 Bxc5 6. Qg4 {[%emt 0:00:04] B12: Caro-Kann: Advance Variation.} Ne7 7. Bd3 Nbc6 8. Nf3 {[%emt 0:00:15] Hoping for b4. The position is equal.} Ng6 9. b4 Bb6 10. Bb2 Bc7 11. O-O O-O 12. Qh5 Qe8 {[%emt 0:02:11] [#]} 13. b5 $146 (13. Ng5 h6 14. Nf3 (14. Nxf7 $2 Nf4 $19) 14... Nf4 $15) ({Predecessor:} 13. Re1 Nce7 14. Nbd2 Bd7 15. Nd4 h6 16. g3 Bb6 17. N2f3 Rc8 18. Re2 a6 19. Rae1 {½-½ Rodriguez,M (2082)-Moreno Perez,T (2260) Vicente Lopez ProAm 100 Years op 2022 (5)}) 13... Nce7 14. Ng5 ({Much worse is} 14. b6 Bxb6 15. Nc3 (15. Ng5 $2 h6 $17) 15... h6 $15) (14. a4 $11) 14... h6 $15 {[%emt 0:00:35] aiming for ...Nf4.} (14... Bxe5 $2 15. Qxh7#) 15. Nh3 {[%emt 0:11:58] Inhibits Nf4.} Bd7 16. a4 Rc8 (16... Qb8 $15 17. f4 a6) 17. Nd2 $11 Ba5 18. Nb1 (18. Qe2 $11) 18... Bc7 19. Ra3 (19. Nd2 $11) 19... Nh8 (19... Nf5 $15 20. Qe2 Bb6) 20. Qg4 Nhg6 21. Re1 (21. Qh5 $11) 21... f5 (21... Ba5 $17 22. Re2 Bc7) 22. exf6 (22. Qe2 $11 {keeps the balance.}) 22... gxf6 ({Black should play} 22... e5 $17 23. Bxg6 Nxg6) 23. Qh5 Kh7 (23... Ba5 $2 24. Bxg6 Qxg6 25. Rg3 $18) (23... Qf7 $11) 24. Bc1 $36 {[%emt 0:01:13][%mdl 2048] Black is under pressure.} (24. c4 $16) 24... Ng8 25. Rc3 (25. c4 $16) 25... e5 {[%emt 0:01:05] [#]} (25... Qf7 $11) 26. Nf4 $1 $16 {[%emt 0:00:56][%cal Rd3g6][%mdl 64] Pin. Dancing on a razor blade. White is much more active. The black rooks are badly placed.} e4 (26... f5 $16) 27. Nxd5 $18 Be5 (27... Qe5 {was worth a try.} 28. Qxe5 Bxe5) 28. Rxc8 (28. Bxe4 Bxc3 29. Nbxc3 f5 $11) ({Much less strong is} 28. Rxe4 f5) 28... Qxc8 29. Rxe4 {[%emt 0:02:14][%cal Oe4g4] Threatening mate with Rg4!} f5 {[%emt 0:00:26] Repels Rg4} 30. Re1 Be6 31. c4 Qd7 32. g3 Rf7 (32... Bg7 $142 33. Nd2 Bxd5 34. cxd5 Qxd5) 33. Bc2 Rg7 (33... Qc8 $142 34. Bd3 Bd4) 34. Bxh6 {[%emt 0:01:41] White is clearly winning.} Nxh6 35. Rxe5 {[%emt 0:00:07][%mdl 64] [#] White wants to mate with Nf6+. Remove Defender, Back Rank} Bxd5 (35... Qf7 $142) 36. Bxf5 Be6 37. Rxe6 {[%emt 0:00:15] Ingenious play by Dziendziel!   Weighted Error Value: White=0.33/Black=0.55} 1-0

[Event "Polish Youth B18 Championship 2023"]
[Site "Jastrzebia Gora"]
[Date "2023.03.16"]
[Round "6.15"]
[White "Syrkiewicz, Michal"]
[Black "Kotowicz, Kamil"]
[Result "1/2-1/2"]
[ECO "B31"]
[WhiteElo "2000"]
[BlackElo "1828"]
[Annotator "TA"]
[PlyCount "89"]
[EventDate "2023.03.11"]
[EventType "swiss"]
[EventCountry "POL"]
[SourceTitle "playchess.com"]
[Source "ChessBase"]
[SourceQuality "1"]
[TimeControl "40/5400+30:1800+30"]

1. e4 c5 2. Nf3 Nc6 3. Bb5 g6 4. Bxc6 dxc6 5. d3 Bg7 6. h3 Nf6 7. Nc3 O-O 8. O-O Ne8 9. Be3 b6 10. Qd2 e5 11. Bh6 {[%emt 0:08:20] B31: Sicilian: 2...Nc6 3 Bb5 g6.} Qe7 12. Rae1 Nc7 {[%emt 0:03:20] [#]} 13. Nd1 $146 {[%emt 0:08:53] White is slightly better.} ({Predecessor:} 13. Bxg7 Kxg7 14. Nh2 Ne6 15. Ne2 g5 16. Ng4 f6 17. Ne3 Nf4 18. Ng3 Kh8 19. Ngf5 {½-½ Escott,K (2065)-Walker,N (2115) BCF-chT4 0607 (4NCL) 2006 (3.1)}) 13... f6 14. Bxg7 Kxg7 15. Nh2 Ne6 {[%emt 0:02:40] Prevents f4} 16. Ne3 Nf4 17. h4 h5 (17... Ne6 $11 {keeps the balance.}) 18. g3 $16 Ne6 19. Kh1 (19. f4 $16) 19... Kh7 {[%emt 0:22:38] [#]} 20. Ng2 (20. f4 $1 $16) 20... Ng7 (20... Ba6 $5 ) 21. f4 Bh3 22. Rf2 Bxg2+ 23. Kxg2 Rad8 24. Qe2 Rde8 25. f5 gxf5 26. exf5 Qf7 27. Kh3 Rh8 28. g4 ({White should try} 28. Nf1 $14) 28... hxg4+ $11 {[%emt 0:01:11] The position is equal.} (28... Qxa2 29. Rg1 c4 30. gxh5 cxd3 31. Qxd3 $18 (31. Qg4 Qf7 $18)) 29. Nxg4 Kg8 30. Qe4 Rc8 31. Rg2 Kf8 32. Nxe5 fxe5 33. Qxe5 {[%emt 0:00:06] [#] Strongly threatening Qd6+.} Qxf5+ 34. Qxf5+ Nxf5 35. Rf2 $1 Rxh4+ 36. Kg2 Rg4+ 37. Kf1 $1 Rg5 38. Re5 Kf7 {[%emt 0:00:52] And now ...Kf6 would win.} 39. Rfxf5+ Rxf5+ 40. Rxf5+ {[%emt 0:00:00] KR-KR} Ke6 41. Rh5 Re8 42. Ke2 Kd6+ 43. Kd2 Re5 44. Rh7 Re7 45. Rh5 {[%emt 0:00:04] Weighted Error Value: White=0.14 (very precise) /Black=0.11 (very precise)} 1/2-1/2

[Event "Polish Youth B18 Championship 2023"]
[Site "Jastrzebia Gora"]
[Date "2023.03.16"]
[Round "6.16"]
[White "Lis, Maksymilian"]
[Black "Kitewski, Bartosz"]
[Result "1-0"]
[ECO "D70"]
[WhiteElo "1784"]
[BlackElo "1968"]
[Annotator "TA"]
[PlyCount "53"]
[EventDate "2023.03.11"]
[EventType "swiss"]
[EventCountry "POL"]
[SourceTitle "playchess.com"]
[Source "ChessBase"]
[SourceQuality "1"]
[TimeControl "40/5400+30:1800+30"]

1. d4 Nf6 2. c4 g6 3. Nf3 Bg7 4. Nc3 d5 5. Bd2 O-O 6. cxd5 Nxd5 7. e4 Nxc3 8. Bxc3 e6 {[%emt 0:03:38][%cal Oc7c5] D90: Grünfeld: 4 Nf3 Bg7 sidelines.} 9. Qc2 Nd7 10. Rd1 b6 {[%emt 0:00:29] [#] White is slightly better.} 11. Bc4 $146 ({Predecessor:} 11. Bb5 Bb7 12. Bb4 Re8 13. O-O c6 14. Bxc6 Rc8 15. d5 exd5 16. exd5 Nb8 17. Bc3 Bxc6 18. dxc6 {1-0 Kuzubov,Y (2642)-Pereira,R (2436) POR-chT Ovar 2022 (6.4)}) 11... Bb7 12. O-O Qe7 13. Rfe1 c5 (13... a5 $14) 14. d5 $16 exd5 (14... Bxc3 $16 15. bxc3 (15. Qxc3 Rad8 $16) 15... exd5 16. exd5 Qd6) 15. Bxg7 ({Don't do} 15. Bxd5 $6 Bxd5 16. Bxg7 (16. exd5 Qd6 $14) (16. Rxd5 Bxc3 17. bxc3 Nf6 $11) 16... Kxg7 $14) (15. exd5 $18 Qd6 16. Ng5 Bxc3 17. Qxc3) 15... Kxg7 16. exd5 ({Don't take} 16. Bxd5 Bxd5 17. exd5 Qd6 $14) 16... Qd6 {[%emt 0:04:14] [#]} 17. Ng5 ({Better is} 17. Re6 $1 $16 Qf4 18. Qc3+ (18. Re7 Rad8 $14) 18... Kg8 19. g3) 17... Nf6 $1 $14 18. Qc3 {[%emt 0:00:51][%cal Og5e6] Black must now prevent Ne6+! White is more active.} Kg8 $2 {[%emt 0:00:45] [#]} (18... Rfe8 $14) 19. Ne6 $1 $18 {[%emt 0:27:50][%mdl 64] Promotion} fxe6 $2 (19... Rae8 20. Nxf8 Rxf8) 20. dxe6 Qf4 21. e7+ Rf7 22. Qb3 $2 (22. Bxf7+ Kxf7 23. Rd8) 22... Ne8 23. Bxf7+ Qxf7 24. Qxf7+ (24. Qb5 $18 Qf6 25. Rd8) 24... Kxf7 $15 25. Rd8 Bc6 26. f3 Ng7 $2 {[%emt 0:00:38][%mdl 8192] [#]} (26... a5 $15 {keeps the upper hand.}) 27. e8=Q+ $1 {[%emt 0:00:36][%mdl 512] Artfully played by Lis.   Weighted Error Value: White=0.46/Black=0.88} 1-0